molly, chaotic female human Rogue ----------- |.........| |..)TH@...)## ##.....%....| u x## ---|------- @Y N D d R d G o o d W molly the Rogue Experience level: 9 Strength: 18/01 Dexterity: 18 Constitution: 18 Intelligence: 7 Wisdom: 14 Charisma: 8 Health: 0(80) Energy: 44(44) Def: 14 Gold: 0 Moves: 18308 Dungeon seed: 49VsaIbhoByHk2Fy Game ID: molly_1526074249 Your Inventory: Amulets O - an uncursed amulet of reflection (being worn) Weapons a - a blessed +2 dagger named +2 (weapon in hand) z - 12 uncursed +0 daggers (in quiver) P - 11 uncursed +0 shuriken Q - 2 uncursed +0 elven daggers Armor g - an uncursed +0 dwarvish mithril-coat (being worn) m - an uncursed +1 pair of iron shoes (being worn) n - an uncursed +0 dwarvish roundshield (being worn) r - an uncursed rusty +2 orcish helm (being worn) y - a blessed +1 dwarvish cloak (being worn) Comestibles p - 2 uncursed cherries u - an uncursed lizard corpse K - 7 uncursed lumps of royal jelly U - 2 uncursed tripe rations Wands f - an uncursed wand of cold (0:7) C - an uncursed wand of make invisible (0:5) E - an uncursed wand of sleep (0:2) H - an uncursed wand of digging (0:3) Tools h - an uncursed +0 unicorn horn k - an uncursed skeleton key l - an uncursed towel named NC (being worn) w - an uncursed magic whistle B - an uncursed oilskin sack M - an uncursed oilskin sack T - an uncursed partly used tallow candle (0:57) Z - 9 uncursed tallow candles (0:200) Gems q - an uncursed worthless piece of yellowish brown glass Contents of the oilskin sack: 3267 gold pieces an uncursed scroll of blank paper an uncursed spellbook of stone to flesh an uncursed potion of object detection an uncursed ring of levitation an uncursed +0 pick-axe named nc Spells and supernatural/magical abilities: Name Level Category Fail Memory W - pray for help -- divine ? -- Your skills at the end: Fighting Skills Weapon Skills dagger [Expert] short sword [Basic] Spellcasting Skills Final Attributes: You were piously aligned. You were fire resistant. You were cold resistant. You were poison resistant. You were telepathic. You were stealthy. You had reflection. You are dead. Vanquished creatures: a queen bee a winged gargoyle 2 giant mimics a rock troll 3 stalkers 2 fire elementals a small mimic a xan a dwarf king a tengu a stone giant 2 elf mummies a pit viper a leather golem a succubus a chameleon a crocodile 4 giant beetles 3 cockatrices 3 wolves 3 leprechauns an iron piercer 2 mumakil a giant spider a horse 2 ice vortices a black light 2 gnome kings a brown pudding 2 rust monsters 2 lizards 2 dingos 3 housecats 4 jaguars a dwarf lord 3 blue jellies a gray unicorn 3 dust vortices 2 ravens 2 gnome mummies 2 snakes 3 soldier ants 8 fire ants 4 wood nymphs 2 water nymphs a mountain nymph 7 Uruk-hai an orc shaman 2 rock piercers 4 rock moles 3 ponies 2 fog clouds a yellow light 3 shriekers 7 gnome lords 3 kobold mummies a red naga hatchling a golden naga hatchling a gray ooze 3 elf zombies a straw golem a paper golem 6 giant ants a little dog 3 floating eyes 3 kittens 13 dwarves a kobold lord a kobold shaman 3 hill orcs 14 rothes 2 rabid rats 4 centipedes 3 monkeys 5 orc zombies 7 dwarf zombies 2 werejackals 7 iguanas 8 killer bees 4 acid blobs 5 coyotes a gas spore 6 hobbits 24 manes 2 large kobolds 4 hobgoblins 14 giant rats 4 cave spiders 6 brown molds 2 yellow molds 2 green molds a red mold 26 gnomes 17 garter snakes 5 gnome zombies 10 geckos 19 jackals 3 kobolds 6 goblins 12 sewer rats 13 grid bugs 5 lichens a kobold zombie 9 newts 416 creatures vanquished. Voluntary challenges: You used a wielded weapon 495 times, starting on turn 336. You read items or engraved 356 times, starting on turn 2245. You never genocided any monsters. You never polymorphed an object. You never changed form. You used no wishes. You never split a pudding. You wrote Elbereth's name 331 times, starting on turn 2245. You never violated your personal moral code. Dungeon overview: The Dungeons of Doom: levels 1 to 12 Level 1 a long staircase Level 2 a fountain Level 3 a wand shop, a fountain stairs to The Gnomish Mines Level 4 (STASH) a fountain Level 5 Level 6 (stash) a bookstore Level 7 Level 8 many fountains Level 9 a general store, an altar to Issek, a fountain stairs to Sokoban Level 10 (stash?) a fountain Level 11 (black dragon below) a fountain Level 12 <- You were here The Gnomish Mines: levels 4 to 7 Level 4 stairs to The Dungeons of Doom Level 5 Level 6 many shops, a temple to Kos, some fountains, some trees Level 7 Sokoban: levels 5 to 8 Level 5 Level 6 Level 7 Level 8 stairs to The Dungeons of Doom History has recorded: On T:1 you entered the Dungeons of Doom to retrieve the Amulet of Yendor! On T:238 you reached level 2 of The Dungeons of Doom. On T:1396 you reached level 3 of The Dungeons of Doom. On T:1426 you advanced to experience level 2. On T:1473 you reached level 4 of The Dungeons of Doom. On T:1621 you reached level 1 of The Gnomish Mines. On T:1851 you advanced to experience level 3. On T:2263 you advanced to experience level 4. On T:2545 you reached level 2 of The Gnomish Mines. On T:2567 you advanced to experience level 5. On T:3621 you reached level 3 of The Gnomish Mines. On T:3897 you advanced to experience level 6. On T:4221 you reached level 4 of The Gnomish Mines. On T:5627 you reached level 5 of The Dungeons of Doom. On T:7042 you reached level 6 of The Dungeons of Doom. On T:7367 you reached level 7 of The Dungeons of Doom. On T:7580 you advanced to experience level 7. On T:7962 you reached level 8 of The Dungeons of Doom. On T:7980 you reached level 9 of The Dungeons of Doom. On T:8004 you reached level 10 of The Dungeons of Doom. On T:8401 you reached level 4 of Sokoban. On T:9089 you advanced to experience level 8. On T:9207 you reached level 3 of Sokoban. On T:10271 you reached level 2 of Sokoban. On T:11008 you reached level 1 of Sokoban. On T:13536 you advanced to experience level 9. On T:17154 you reached level 11 of The Dungeons of Doom. On T:17342 you reached level 12 of The Dungeons of Doom. Score breakdown: Gold: 3267 (11954 points) Experience: 9 levels (15756 points) Exploration: 12 levels ( 23.53%) (14071 points) Discoveries: 23 items ( 7.72%) ( 8334 points) Valuables value: (no points given unless you survive) Artifact value: 0 ( 0 points) Variety of kills: 104 monsters ( 27.30%) (15673 points) Turncount: 18308 turns (-3272 points) Survival: died (score multiplied by 80%) Total score: 50012 Latest messages: Hello molly, the human Rogue, welcome back to NetHack! There is a staircase up here. Something is engraved here on the floor. You read: "Elbereth". You see here a poisoned crude arrow. You hear the chime of a cash register. l - an uncursed towel named NC. You are now wearing a towel named NC around your head. You can't see any more. The minotaur hits! (2x) The minotaur butts! The minotaur hits! (2x) The minotaur butts! You die... The oilskin sack is empty. The oilskin sack is empty. Final status: Goodbye molly the Rogue, killed by a minotaur... You died in The Dungeons of Doom on dungeon level 12 with 50012 points, and 3267 pieces of gold, after 18308 moves. You were level 9 with a maximum of 80 hit points when you died.